 Dungeon Crawl Stone Soup version 0.31-a0-590-g8a5a4361df (webtiles) character file.

Game seed: 14156618948325012095

1334 Zonian the Ruffian (level 8, -6/61 HPs)
             Began as a Gnoll Shapeshifter on Aug 20, 2023.
             Was an Initiate of Gozag.
             Engulfed by a cloud of steam (13 damage)
             ... on level 7 of the Dungeon.
             The game lasted 00:13:17 (7476 turns).

Zonian the Ruffian (Gnoll Shapeshifter)             Turns: 7476, Time: 00:13:18

Health: -6/61      AC:  2    Str: 17    XL:     8   Next: 61%
Magic:  13/13      EV: 14    Int:  7    God:    Gozag
Gold:   399        SH:  0    Dex: 15    Spells: 14/14 levels left

rFire   x . .        v - +7 hand axe of the Final Underlurkers {elec, rN+ Dex+2}
rCold   + + .        (no shield)
rNeg    + . .        a - +0 animal skin
rPois   .            (helmet currently unavailable)
rElec   .            (cloak currently unavailable)
rCorr   .            (gloves currently unavailable)
SInv    .            (boots currently unavailable)
Will    .....        l - amulet of magic regeneration
Stlth   ++           b - ring of ice
HPRegen 0.30/turn    q - ring of protection from cold
MPRegen 0.53/turn

%: no passive effects
@: beast-form, gold aura
A: beast (slay +4), fangs 1, strong nose, distributed training
a: Begin Untransformation, Renounce Religion, Potion Petition, Call Merchant,
Bribe Branch


You were on level 7 of the Dungeon.
You worshipped Gozag.
Gozag was aware of your devotion.
You were a hulking beast.
You visited 2 branches of the dungeon, and saw 8 of its levels.

You collected 476 gold pieces.
You paid 77 gold pieces to Gozag.

Inventory:

Hand Weapons
 e - a +3 vampiric whip
 j - a +0 dagger of pain
 o - a +3 dagger
 v - the +7 hand axe of the Final Underlurkers (weapon) {elec, rN+ Dex+2}
   (You took it off a kobold on level 4 of the Dungeon)

   Dex+2:     It affects your dexterity (+2).
   rN+:       It protects you from negative energy.
Armour
 a - a +0 animal skin (worn)
Jewellery
 b - a ring of ice (left hand)
 i - a +4 ring of protection
 l - an amulet of magic regeneration (around neck)
 q - a ring of protection from cold (right hand)
 s - a +6 ring of dexterity
Talismans
 c - a beast talisman (active)
 d - a flux talisman
Wands
 n - a wand of digging (4)
Scrolls
 f - a scroll of immolation
 k - 2 scrolls of noise
 p - a scroll of vulnerability {unknown}
 t - a scroll of silence {unknown}
 u - a scroll of teleportation {unknown}
 w - a scroll of enchant weapon {unknown}
 y - a scroll of amnesia
 z - a scroll of fog {unknown}
 A - a scroll of fear {unknown}
 B - a scroll of enchant armour
Potions
 g - a potion of haste
 h - 3 potions of resistance
 m - a potion of brilliance
 r - a potion of attraction
 x - a potion of lignification
 C - a potion of might


   Skills:
 + Level 4.4 Fighting
 + Level 3.5 Short Blades
 + Level 3.5 Long Blades
 + Level 3.5 Axes
 + Level 3.5 Maces & Flails
 + Level 3.5 Polearms
 + Level 3.5 Staves
 + Level 3.5 Ranged Weapons
 + Level 3.5 Throwing
 + Level 3.5 Armour
 + Level 5.8 Dodging
 + Level 3.5 Stealth
 + Level 3.5 Shields
 + Level 7.5 Unarmed Combat
 + Level 3.5 Spellcasting
 + Level 2.8 Conjurations
 + Level 2.8 Hexes
 + Level 2.8 Summonings
 + Level 2.8 Necromancy
 + Level 2.8 Translocations
 + Level 2.8 Transmutations
 + Level 2.8 Fire Magic
 + Level 2.8 Ice Magic
 + Level 2.8 Air Magic
 + Level 2.8 Earth Magic
 + Level 2.8 Poison Magic
 + Level 3.8 Invocations
 + Level 3.5 Evocations
 + Level 7.2 Shapeshifting


You had 14 spell levels left.
You didn't know any spells.
Your spell library contained the following spells:

 Spells                   Type           Power      Damage    Failure   Level
 Slow                     Hex            20%        N/A       10%         1
 Blink                    Tloc           10%        N/A       16%         2
 Lesser Beckoning         Tloc           10%        N/A       16%         2
 Momentum Strike          Conj/Tloc      10%        3d8       16%         2
 Confusing Touch          Hex            5%         N/A       30%         3
 Stone Arrow              Conj/Erth      10%        3d7       30%         3
 Vampiric Draining        Necr           5%         2d6       30%         3
 Animate Armour           Summ/Erth      10%        N/A       69%         4
 Lehudib's Crystal Spear  Conj/Erth      2%         10d2      100%        8


Dungeon Overview and Level Annotations

Branches:
Dungeon (7/15)             Temple (1/1) D:4

Altars:
Ashenzari
Dithmenos
Elyvilon
Fedhas
Gozag
Hepliaklqana
Kikubaaqudgha
Makhleb
Nemelex Xobeh
Okawaru
Qazlal
Ru
Sif Muna
Trog
Uskayaw
Xom
Yredelemnul
Zin
The Shining One

Shops:
D:1 ?   D:6 :

Annotations:
D:3 1 runed translucent door, H3lixF0ssil's ghost, amateur DrAE


Innate Abilities, Weirdness & Mutations

You are a hulking beast.
Your limbs bulge with bestial killing power. (Slay +4)
You have very sharp teeth.
Your uncanny sense of smell can sniff out nearby items.
Your experience applies equally to all skills.


Message History

Unknown command.
An orc wizard and an orc come into view.
A white imp comes into view.
The orc wizard shouts!
A steam dragon comes into view.
The orc closely misses you.
The orc wizard hits you with a +0 dagger.
The steam dragon hisses angrily.
You slash the orc wizard!
Lightning courses through the orc wizard!
You kill the orc wizard!
You slash the orc! The orc barely misses you. The white imp gestures at you.
The puff of frost hits you. You resist. The steam dragon breathes steam at you.
The ball of steam hits you!! The steam scalds you terribly!
Ouch! That really hurt!
The ball of steam hits the white imp!
The orc completely misses you.
You slash the steam dragon!
The steam dragon is moderately wounded.
You hit the orc.
You kill the orc!
You hit the white imp.
You kill the white imp!
You are engulfed in a cloud of scalding steam.
* * * LOW HITPOINT WARNING * * *
The steam dragon bites you!
* * * LOW HITPOINT WARNING * * *
The steam dragon completely misses you.
Unknown command.
Okay, then.
Okay, then.
Okay, then.
Okay, then.
You hit the steam dragon.
Lightning courses through the steam dragon!!
You kill the steam dragon!
You are engulfed in a cloud of scalding steam.
You die...
Your body crumbles into a pile of gold.

### ### #..
...##
###§##......
#§.§h$o#
#.#.##.#
#....# #
#.##.#
#.#.##.##.#
#.#.......#
#......####
###.##.##
#.......#


You could see an orc.

Vanquished Creatures
  A steam dragon (D:7)
  A black bear (D:7)
  3 ogres
  A centaur (D:6)
  2 phantoms
  A kobold brigand (D:7)
  2 scorpions
  2 jellies
  2 hounds (D:4)
  A gnoll bouda (D:4)
  3 iguanas
  A sleepcap (D:6)
  4 orc wizards
  Robin (D:4)
  8 adders
  2 white imps
  2 worms (D:6)
  4 dart slugs
  11 orcs
  2 ball pythons
  10 endoplasms
  4 giant cockroaches
  14 goblins
  12 hobgoblins
  4 jackals
  5 quokkas
  4 bats
  2 frilled lizards
  4 kobolds
  7 rats
120 creatures vanquished.

Notes
Turn   | Place    | Note
-------+----------+-------------------------------------------
     0 | D:1      | Zonian the Gnoll Shapeshifter began the quest for the Orb.
     0 | D:1      | Reached XP level 1. HP: 17/17 MP: 1/1
   137 | D:1      | Reached XP level 2. HP: 23/23 MP: 2/2
   329 | D:1      | Reached XP level 3. HP: 22/28 MP: 3/3
   334 | D:1      | Found Loimiohe's Magic Scroll Shop.
   910 | D:2      | Reached skill level 1 in Invocations
  1003 | D:2      | Reached skill level 1 in Short Blades
  1003 | D:2      | Reached skill level 1 in Long Blades
  1003 | D:2      | Reached skill level 1 in Axes
  1003 | D:2      | Reached skill level 1 in Maces & Flails
  1003 | D:2      | Reached skill level 1 in Polearms
  1003 | D:2      | Reached skill level 1 in Staves
  1003 | D:2      | Reached skill level 1 in Ranged Weapons
  1003 | D:2      | Reached skill level 1 in Throwing
  1003 | D:2      | Reached skill level 1 in Armour
  1003 | D:2      | Reached skill level 1 in Stealth
  1003 | D:2      | Reached skill level 1 in Shields
  1003 | D:2      | Reached skill level 1 in Spellcasting
  1003 | D:2      | Reached skill level 1 in Evocations
  1008 | D:2      | Reached XP level 4. HP: 17/34 MP: 5/5
  1357 | D:3      | Found a faded altar of an unknown god.
  1718 | D:3      | You fall into a shaft and drop 3 floors!
  1752 | D:5      | Entered Level 5 of the Dungeon
  1802 | D:5      | Reached skill level 1 in Conjurations
  1802 | D:5      | Reached skill level 1 in Hexes
  1802 | D:5      | Reached skill level 1 in Summonings
  1802 | D:5      | Reached skill level 1 in Necromancy
  1802 | D:5      | Reached skill level 1 in Translocations
  1802 | D:5      | Reached skill level 1 in Transmutations
  1802 | D:5      | Reached skill level 1 in Fire Magic
  1802 | D:5      | Reached skill level 1 in Ice Magic
  1802 | D:5      | Reached skill level 1 in Air Magic
  1802 | D:5      | Reached skill level 1 in Earth Magic
  1802 | D:5      | Reached skill level 1 in Poison Magic
  2010 | D:5      | Noticed an ogre
  2017 | D:5      | Killed an ogre
  2018 | D:5      | Reached XP level 5. HP: 19/41 MP: 5/7
  2464 | D:3      | Found a runed translucent door.
  2466 | D:3      | Noticed H3lixF0ssil's ghost (amateur DrAE)
  2825 | D:4      | Found a shimmering blue altar of Sif Muna.
  3005 | D:4      | Reached XP level 6. HP: 47/47 MP: 8/8
  3128 | D:4      | Identified the +7 hand axe of the Final Underlurkers {elec,
                  | rN+ Dex+2}
  3487 | D:4      | Noticed Robin
  3505 | D:4      | Killed Robin
  3506 | D:4      | Reached skill level 5 in Dodging
  3522 | D:4      | Found a staircase to the Ecumenical Temple.
  3551 | Temple   | Entered the Ecumenical Temple
  3560 | Temple   | Became a worshipper of Gozag Ym Sagoz the Greedy
  3583 | D:4      | Found a sparkling altar of Nemelex Xobeh.
  4015 | D:4      | Found a sacrificial altar of Ru.
  4160 | D:5      | Found a broken altar of Ashenzari.
  4291 | D:5      | Found a shimmering altar of Xom.
  4297 | D:5      | Reached XP level 7. HP: 42/52 MP: 10/10
  4516 | D:5      | Found a burning altar of Makhleb.
  4516 | D:5      | Found a blossoming altar of Fedhas.
  4591 | D:5      | Identified the +1 leather armour "Memnonom" {rC+ rCorr
                  | Str-3 Dex+7}
  5718 | D:6      | Found Totasaost's Book Emporium.
  5743 | D:6      | Found a stormy altar of Qazlal.
  6430 | D:7      | Reached XP level 8. HP: 40/60 MP: 12/12
  6642 | D:7      | Found a bloodstained altar of Trog.
  7476 | D:7      | Engulfed by a cloud of steam

Illustrated notes

Levels and vault maps discovered:
D:1:      dpeg_arrival_fog, layout_basic, serial_shops,
          nicolae_shop_hallway_stairs
D:2:      layout_basic, minmay_misc_feat_diagonals, minmay_split_cup_large
D:3:      layout_basic, ebering_ghost_sewer_d, ebering_ecumenical_altar_hall
D:4:      layout_loops_ring, mainiacjoe_overflow_cross_hatched,
          mainiacjoe_overflow_surrounded_room, nicolae_ru_path_of_blood,
          minmay_temple_entry_offerings, minmay_misc_feat_nine_boxes,
          minmay_pentangle, uniq_robin
D:5:      layout_gridville, ashenzari_conservatory_becter, tgw_xom,
          nicolae_overflow_two_pavilions
D:6:      layout_loops_ring, lemuel_coloured_pillars_altar, serial_shops,
          nicolae_shop_tiny_statue_garden, cheibrodos_sewer_entry_bend,
          minmay_holes, kennysheep_diamond, hangedman_decor_peaks_small
D:7:      layout_loops_corners, trog_antimagical, hex_large
Temple:   eino_temple_lava

Skill      XL: |  1  2  3  4  5  6  7  8 |
---------------+-------------------------+-----
Invocations    | 1 2 3 |  3.8
Short Blades   | 1 2 3 |  3.5
Long Blades    | 1 2 3 |  3.5
Axes           | 1 2 3 |  3.5
Maces & Flails | 1 2 3 |  3.5
Polearms       | 1 2 3 |  3.5
Staves         | 1 2 3 |  3.5
Ranged Weapons | 1 2 3 |  3.5
Throwing       | 1 2 3 |  3.5
Armour         | 1 2 3 |  3.5
Stealth        | 1 2 3 |  3.5
Shields        | 1 2 3 |  3.5
Spellcasting   | 1 2 3 |  3.5
Evocations     | 1 2 3 |  3.5
Conjurations   | 1 2 |  2.8
Hexes          | 1 2 |  2.8
Summonings     | 1 2 |  2.8
Necromancy     | 1 2 |  2.8
Translocations | 1 2 |  2.8
Transmutations | 1 2 |  2.8
Fire Magic     | 1 2 |  2.8
Ice Magic      | 1 2 |  2.8
Air Magic      | 1 2 |  2.8
Earth Magic    | 1 2 |  2.8
Poison Magic   | 1 2 |  2.8
Fighting       | 3 4 |  4.4
Dodging        | 5 |  5.8
Unarmed Combat | 7 |  7.5
Shapeshifting  | 7 |  7.2

Action                     |  1- 3 |  4- 6 |  7- 9 || total
---------------------------+-------+-------+-------++-------
  Melee: Unarmed           |    62 |    77 |       ||   139
         Bite              |     7 |     8 |     5 ||    20
         Punch             |     1 |     2 |     1 ||     4
         Hand axe          |       |    38 |    59 ||    97
    Use: Scroll            |       |    10 |     1 ||    11
         Potion            |       |     1 |     4 ||     5
   Stab: Sleeping          |     3 |     6 |     1 ||    10
         Distracted        |     1 |     1 |       ||     2
 Armour: Animal skin       |     5 |     7 |    14 ||    26
  Dodge: Dodged            |    47 |    52 |    44 ||   143

Table legend: (Time is in decaauts)
 A = Elapsed time spent in this place.
 B = Non-inter-level travel time spent in this place.
 C = Inter-level travel time spent in this place.
 D = Time resting spent in this place.
 E = Time spent auto-exploring this place.
 F = Levels seen in this place.
 G = Mean time per level.
                   A        B        C        D        E       F      G
               +--------+--------+--------+--------+--------+-----+--------+
         Total |   7485 |   7316 |    169 |   2419 |   3758 |   8 |  935.6 |
       Dungeon |   7466 |   7306 |    160 |   2419 |   3758 |   7 | 1066.6 |
        Temple |     18 |      9 |      9 |      0 |      0 |   1 |   18.0 |
               +--------+--------+--------+--------+--------+-----+--------+

Top non-repeatable levels by time:
     D:5: 1585 daAuts
     D:6: 1340 daAuts
     D:4: 1254 daAuts
     D:7: 1073 daAuts
     D:3: 911 daAuts
     D:2: 657 daAuts
     D:1: 643 daAuts
  Temple: 18 daAuts
